 Dungeon Crawl Stone Soup version 0.29-a0-1027-gcd8c55af63 (webtiles) character file.

Game seed: 11515179411052044595

65 greenreed the Shooter (level 4, -1/32 HPs)
             Began as a Djinni Arcane Marksman on Aug 12, 2022.
             Was a Plaything of Xom.
             Slain by a hobgoblin (5 damage)
             ... led by Robin
             ... on level 1 of the Dungeon.
             The game lasted 00:08:35 (2094 turns).

greenreed the Shooter (Djinni Arcane Marksman)      Turns: 2094, Time: 00:08:36

Health: -1/32      AC:  2    Str: 10 (11) XL:     4   Next: 35%
Gold:   71         EV: 12    Int:  8 (12) God:    Xom [......] SH:  0 Dex: 13 (14)

rFire   + + .      SeeInvis .   a - +1 sling
rCold   . . .      Faith    .   (no shield)
rNeg    . . .      Spirit   .   c - +0 robe
rPois   ∞          Reflect  .   (no helmet)
rElec   .          Harm     .   (no cloak)
rCorr   .          Rampage  .   (no gloves)
Will    +....                   (boots unavailable)
Stlth   +.........              (no amulet)
HPRegen 0.10/turn               o - ring of protection from cold
MPRegen 0.00/turn               (no ring)

@: attractive, flying
A: sickness immunity, fire resistance 2, cold vulnerability 1, float, innate
caster, HP casting, extra vitality 1, deterioration 1, dopey 1, strong-willed 1,
wild magic 1, evolution 1
a: Renounce Religion


You were on level 1 of the Dungeon.
You worshipped Xom.
You were a very special plaything of Xom.
You visited 1 branch of the dungeon, and saw 2 of its levels.

You collected 71 gold pieces.

Inventory:

Hand Weapons
 a - a +1 sling (weapon)
Missiles
 d - 3 poisoned darts
Armour
 c - a +0 robe (worn)
Jewellery
 o - a ring of protection from cold (left hand)
 q - a ring of protection from cold
Scrolls
 b - a scroll of poison
 f - 2 scrolls of teleportation {unknown}
 g - 2 scrolls of amnesia {unknown}
 h - a scroll of immolation {unknown}
 n - 2 scrolls of identify {unknown}
 p - a scroll of blinking {unknown}
Potions
 e - a potion of lignification {unknown}
 i - a potion of attraction
 j - a potion of cancellation {unknown}
 k - a potion of berserk rage {unknown}
 l - a potion of flight {unknown}
 m - a potion of heal wounds {unknown}
 r - a potion of haste {unknown}


   Skills:
 + Level 1.2 Fighting
 * Level 3.0 Ranged Weapons
 + Level 2.3 Dodging
 + Level 0.1 Stealth
 * Level 2.8 Spellcasting


You couldn't memorise any spells.
You knew the following spells:

 Your Spells              Type           Power      Damage    Failure   Level
a - Slow                  Hex            28%        N/A       16%         1
b - Inner Flame           Hex/Fire       7%         N/A       38%         3
c - Portal Projectile     Hex/Tloc       14%        N/A       38%         3
d - Cause Fear            Hex            3%         N/A       78%         4
e - Sting                 Tmut/Pois      28%        1d4       16%         1
Your spell library was empty.

Dungeon Overview and Level Annotations

Branches:
Dungeon (2/15)

Altars:
Xom

Annotations:
D:2 Robin


Innate Abilities, Weirdness & Mutations

You are immune to sickness and miasma.
You are immune to poison.
Your flesh is very heat resistant. (rF++)
You are vulnerable to cold. (rC-)
You float through the air rather than walking.
You learn spells naturally, not from books.
Your magical power is your life essence.
You have superior vitality. (+4 MHP)
Your body sometimes deteriorates upon taking damage.
You are dopey. (Int -2)
You are strong-willed. (Will+)
Your spells are a little harder to cast, but a little more powerful.
You have hidden genetic potential.


Message History

The sling bullet barely misses the goblin.
The sling bullet closely misses the goblin.
The goblin shouts!
The sling bullet hits Robin.
Robin is lightly wounded.
The hobgoblin hits you but does no damage.
Robin roars a battlecry!
The hobgoblin goes into a battle-frenzy!
You hear a shout!
The hobgoblin hits you.
Your body deteriorates!
You feel clumsy. The goblin hits you with a +0 dagger.
The goblin closely misses you.
You fly upwards.
There is a stone staircase leading down here.
The goblin attacks as you move away! The goblin hits you but does no damage.
The goblin closely misses you.
There is an open door here.
You shoot a sling bullet.
The sling bullet closely misses the hobgoblin.
The sling bullet barely misses the goblin.
The hobgoblin hits you.
You shoot a sling bullet.
The sling bullet barely misses the goblin. x2
The hobgoblin hits you.
You shoot a sling bullet.
The sling bullet closely misses the goblin.
The hobgoblin hits you. The goblin closely misses you.
The goblin barely misses you. The hobgoblin misses you.
The goblin hits you with a +0 dagger.
* * * LOW HITPOINT WARNING * * *
Your body deteriorates!
You feel dopey. The goblin attacks as you move away!
The goblin hits you but does no damage. The goblin attacks as you move away!
The goblin barely misses you. The hobgoblin attacks as you move away!
The hobgoblin hits you.
* * * LOW HITPOINT WARNING * * *
Your body deteriorates!
You feel dopey.
It was a potion of attraction.
You feel attractive to monsters. The hobgoblin hits you.
You die...

#.#)######.#.......^.# #.#
#.#.#....#.################.###
###.#.#.#..........)............#
................>################
###.#.#......###'####
###.#(#.#...........#
....#...............#
#######.#......ggg..#
................@####
#######.########.# ##
#..........# .#
#.################ .#
#.#..............# .#
#.#.############.# .## #.#.# #.#
..# #.#.# #.#
#.#####.#.########## #.#


You could see a hobgoblin (strong) and 2 goblins.

Vanquished Creatures
  An adder (D:2)
  A worm (D:2)
  A dart slug (D:1)
  An endoplasm (D:1)
  3 giant cockroaches
  5 goblins
  5 hobgoblins
  2 jackals (D:1)
  6 quokkas
  6 ball pythons
  5 bats
  5 frilled lizards
  2 kobolds
  2 rats (D:1)
45 creatures vanquished.

Notes
Turn   | Place    | Note
-------+----------+-------------------------------------------
     0 | D:1      | greenreed the Djinni Arcane Marksman began the quest for
                  | the Orb.
     0 | D:1      | greenreed set off with the following spells memorised:
                  | Slow, Inner Flame, Portal Projectile, Cause Fear.
     0 | D:1      | Reached XP level 1. HP: 17/17 MP: 0/0
   469 | D:1      | Reached XP level 2. HP: 22/22 MP: 0/0
   639 | D:1      | Reached skill level 2 in Ranged Weapons
  1008 | D:1      | Reached XP level 3. HP: 27/27 MP: 0/0
  1008 | D:1      | Learned a level 1 spell: Sting
  1076 | D:1      | Found a faded altar of an unknown god.
  1084 | D:1      | Prayed at the altar of an unknown god.
  1084 | D:1      | Became a worshipper of Xom of Malevolent Giggling
  1089 | D:1      | XOM: divination: detect items
  1230 | D:1      | XOM: silly message
  1502 | D:1      | XOM: give mutations
  1502 | D:1      | Gained mutation: You are dopey. (Int -2) [Xom's mischief]
  1502 | D:1      | Gained mutation: Your body sometimes deteriorates upon
                  | taking damage. [Xom's mischief]
  1709 | D:2      | XOM: stat loss: -1 Int (11/12)
  1795 | D:2      | Reached XP level 4. HP: 21/32 MP: 0/0
  2077 | D:2      | Reached skill level 3 in Ranged Weapons
  2077 | D:2      | Noticed Robin
  2081 | D:2      | XOM: give mutations
  2081 | D:2      | Gained mutation: Your spells are a little harder to cast,
                  | but a little more powerful. [Xom's grace]
  2081 | D:2      | Gained mutation: You are strong-willed. (Will+) [Xom's
                  | grace]
  2081 | D:2      | Gained mutation: You have hidden genetic potential. [Xom's
                  | grace]
  2094 | D:1      | Slain by a hobgoblin

Illustrated notes

Levels and vault maps discovered:
D:1:      minmay_arrival_nine_rooms, layout_basic, ebering_ecumenical_altar_webs
D:2:      cheibrodos_pilgrimage, layout_rooms, uniq_robin, uniq_terence

Skill      XL: |  1  2  3  4 |
---------------+-------------+-----
Ranged Weapons | 2 3 |  3.0
Fighting       | |  1.2
Dodging        | |  2.3
Stealth        | |  0.1
Spellcasting   | |  2.8

Action                   |  1- 3 |  4- 6 || total
-------------------------+-------+-------++-------
 Fire: Sling             |   121 |    27 ||   148
 Cast: Slow              |     7 |       ||     7
       Sting             |     8 |     6 ||    14
  Use: Potion            |       |     1 ||     1
Armor: Robe              |    11 |     4 ||    15
Dodge: Dodged            |    63 |     7 ||    70

Table legend: (Time is in decaauts)
 A = Elapsed time spent in this place.
 B = Non-inter-level travel time spent in this place.
 C = Inter-level travel time spent in this place.
 D = Time resting spent in this place.
 E = Time spent auto-exploring this place.
 F = Levels seen in this place.
 G = Mean time per level.
                   A        B        C        D        E       F      G
               +--------+--------+--------+--------+--------+-----+--------+
         Total |   2136 |   2125 |     11 |     45 |   1745 |   2 | 1068.0 |
       Dungeon |   2136 |   2125 |     11 |     45 |   1745 |   2 | 1068.0 |
               +--------+--------+--------+--------+--------+-----+--------+

Top non-repeatable levels by time:
     D:1: 1666 daAuts
     D:2: 470 daAuts
